 Dungeon Crawl Stone Soup version 0.31-a0-746-ge8284cb111 (webtiles) character file.

Game seed: 12855046003952857795

289763 Markself the Metamorph (level 19, -4/167 (184) HPs)
             Began as a Troll Fighter on Sept 14, 2023.
             Was a High Priest of Ru.
             Slain by a +0 trident of protection (16 damage)
             ... on level 2 of the Elven Halls.
             The game lasted 01:56:09 (39796 turns).

Markself the Metamorph (Troll Fighter)             Turns: 39796, Time: 01:56:09

HP:   -4/167 (184)  AC:  5    Str: 27    XL:     19   Next: 92%
MP:   27/27         EV: 12    Int: 13    God:    Ru [*****.]
Gold: 2513          SH: 27    Dex: 14    Spells: 16/18 levels left

rFire   + .          .
                       - Unarmed
rCold   . . .        E - +3 tower shield of Ru's Supremacy {Dex+3}
rNeg    . . .        U - +0 robe {Will+}
rPois   .            J - +1 hat
rElec   +            y - scarf {repulsion}
rCorr   .            (gloves unavailable)
SInv    .            (boots unavailable)
Will    ++...        H - amulet of reflection Stlth
                     O - ring of protection from fire
HPRegen 1.27/turn    M - ring of the Catamount {rElec MP+9 Int+5}
MPRegen 0.20/turn

%: repel missiles, reflection
@: studying 2 skills, drained
A: large, unfitting armour, claws 3, regeneration 1, shaggy fur 1, tough skin 1,
no stealth, hated by all, inability to train armour, disrupted magic 1,
unskilled 1, weak 1
}: 2/15 runes: decaying, gossamer
a: Renounce Religion, Draw Out Power, Power Leap, Apocalypse


You were on level 2 of the Elven Halls.
You worshipped Ru.
Ru was extremely pleased with you.
You visited 8 branches of the dungeon, and saw 34 of its levels.
You also visited: Gauntlet, Ice Cave and Wizlab.

You collected 4552 gold pieces.
You spent 2039 gold pieces at shops.

Inventory:

Missiles
 c - 3 silver javelins
 k - 3 javelins (quivered)
 l - 2 throwing nets
 x - 14 curare-tipped darts
 A - 29 large rocks
 L - 19 boomerangs
Armour
 a - a +2 robe of resistance
 y - a scarf of repulsion (worn)
 E - the +3 tower shield of Ru's Supremacy (worn) {Dex+3}
   (You acquired it on level 4 of the Spider Nest)

   Dex+3:     It affects your dexterity (+3).
 J - a +1 hat (worn)
 U - a +0 robe of willpower (worn)
Jewellery
 e - a ring of protection from cold
 n - a ring of ice
 r - the ring of Rationality {rN+ Dex+3 Stlth+}
   (You took it off a minotaur in a Gauntlet)

   [ring of positive energy]

   Dex+3:     It affects your dexterity (+3).
   rN+:       It protects you from negative energy.
   Stlth+:    It makes you more stealthy.
 s - a ring of resist corrosion
 H - an amulet of reflection (around neck)
 M - the ring of the Catamount (right claw) {rElec MP+9 Int+5}
   (You found it in a Gauntlet)

   [ring of magical power]

   Int+5:     It affects your intelligence (+5).
   rElec:     It insulates you from electricity.
   MP+9:      It affects your magic capacity (+9).
 O - a ring of protection from fire (left claw)
 P - a ring of see invisible
 Q - a ring of wizardry
Talismans
 K - a granite talisman
 R - a serpent talisman
Wands
 b - a wand of acid (10)
 h - a wand of digging (16)
 q - a wand of polymorph (31)
 u - a wand of mindburst (29)
 Z - a wand of roots (26)
Scrolls
 f - 6 scrolls of teleportation
 g - 6 scrolls of identify
 j - 2 scrolls of blinking
 v - 5 scrolls of immolation
 C - 3 scrolls of fog
 D - 3 scrolls of revelation
 S - 4 scrolls of poison
 T - a scroll of silence
 W - 4 scrolls of fear
Potions
 d - 11 potions of mutation
 i - 5 potions of heal wounds
 m - 4 potions of cancellation
 o - 2 potions of enlightenment
 p - 4 potions of lignification
 t - 6 potions of resistance
 w - 12 potions of ambrosia
 z - 16 potions of curing
 B - 9 potions of haste
 G - 2 potions of invisibility
 I - 3 potions of attraction
 N - 2 potions of magic
 V - 3 potions of might


   Skills:
 * Level 10.8 Fighting
 + Level 9.6 Throwing
 + Level 7.7 Dodging
 * Level 15.0 Shields
 * Level 16.5 Unarmed Combat
 + Level 5.8 Evocations
 + Level 17.0 Shapeshifting


You had 16 spell levels left.
You knew the following spells:

 Your Spells              Type           Power      Damage    Failure   Level
a - Blink                 Tloc           0%         N/A       78%         2

Your spell library contained the following spells:

 Spells                   Type           Power      Damage    Failure   Level
 Apportation              Tloc           0%         N/A       65%         1
 Foxfire                  Conj/Fire      0%         2x1d4     65%         1
 Necrotise                Necr           0%         1d4       65%         1
 Slow                     Hex            0%         N/A       65%         1
 Sting                    Tmut/Pois      0%         1d3       65%         1
 Ensorcelled Hibernation  Hex/Ice        0%         N/A       78%         2
 Jinxbite                 Hex            0%         N/A       78%         2
 Passwall                 Tmut/Erth      0%         N/A       78%         2
 Poisonous Vapours        Pois/Air       0%         N/A       78%         2
 Scorch                   Fire           0%         2d5       78%         2
 Sublimation of Blood     Necr           0%         N/A       78%         2
 Wereblood                Tmut           0%         N/A       78%         2
 Dazzling Flash           Conj/Hex       0%         N/A       94%         3
 Inner Flame              Hex/Fire       0%         N/A       94%         3
 Mephitic Cloud           Conj/Pois/Air  0%         N/A       94%         3
 Ozocubu's Armour         Ice            0%         N/A       94%         3
 Swiftness                Air            0%         N/A       94%         3
 Vampiric Draining        Necr           0%         2d6       94%         3
 Volatile Blastmotes      Fire/Tloc      0%         2d10      94%         3
 Anguish                  Hex/Necr       0%         N/A       100%        4
 Cause Fear               Hex            0%         N/A       100%        4
 Dimensional Bullseye     Hex/Tloc       0%         N/A       100%        4
 Fulminant Prism          Conj/Hex       0%         3d5       100%        4
 Leda's Liquefaction      Hex/Erth       0%         N/A       100%        4
 Manifold Assault         Tloc           0%         N/A       100%        4
 Olgreb's Toxic Radiance  Pois           0%         N/A       100%        4
 Passage of Golubria      Tloc           0%         N/A       100%        4
 Petrify                  Tmut/Erth      0%         N/A       100%        4
 Sticky Flame             Conj/Fire      0%         2d3       100%        4
 Vhi's Electric Charge    Tloc/Air       0%         N/A       100%        4
 Agony                    Necr           0%         N/A       100%        5
 Alistair's Intoxication  Tmut/Pois      0%         N/A       100%        5
 Arcjolt                  Conj/Air       0%         1d10      100%        5
 Fireball                 Conj/Fire      0%         3d3       100%        5
 Freezing Cloud           Conj/Ice/Air   0%         6-21      100%        5
 Irradiate                Conj/Tmut      0%         3d11      100%        5
 Metabolic Englaciation   Hex/Ice        0%         N/A       100%        5
 Yara's Violent Unravell  Hex/Tmut       0%         3d3       100%        5
 Plasma Beam              Fire/Air       0%         2x1d10    100%        6
 Starburst                Conj/Fire      0%         6d3       100%        6
 Enfeeble                 Hex            0%         N/A       100%        7
 Ozocubu's Refrigeration  Ice            0%         4d7       100%        7
 Discord                  Hex            0%         N/A       100%        8
 Maxwell's Capacitive Co  Air            0%         ∞         100%        8
 Polar Vortex             Ice            0%         N/A       100%        9
 Summon Small Mammal      Summ           Unusable   N/A       N/A         1
 Call Canine Familiar     Summ           Unusable   N/A       N/A         3
 Summon Guardian Golem    Hex/Summ       Unusable   N/A       N/A         3
 Tukima's Dance           Hex            Unusable   N/A       N/A         3
 Simulacrum               Ice/Necr       Unusable   N/A       N/A         6
 Dragon's Call            Summ           Unusable   N/A       N/A         9

Dungeon Overview and Level Annotations

Branches:
Dungeon (15/15)            Temple (1/1) D:4            Lair (5/5) D:11
  Swamp (4/4) Lair:2       Spider (4/4) Lair:3        Slime (0/5) Lair:5
    Orc (2/2) D:12            Elf (2/3) Orc:2        Vaults (1/5) D:14
 Depths (0/4) D:15          IceCv (visited)          WizLab (visited)
Gauntlet (visited)

Altars:
Ashenzari
Cheibriados
Dithmenos
Elyvilon
Gozag
Kikubaaqudgha
Makhleb
Nemelex Xobeh
Okawaru
Qazlal
Ru
Sif Muna
Trog
Uskayaw
Vehumet
Wu Jian
Xom
Zin
The Shining One

Shops:
D:8 *   D:10 =:(::   D:13 =   Orc:2 ?*(=*

Portals:
Hell: Lair:5
Pandemonium: Orc:2

Annotations:
Elf:2 3 runed translucent doors


Innate Abilities, Weirdness & Mutations

You are too large for most types of armour.
You have claws for hands.
Your natural rate of healing is unusually fast.
You are covered in fur. (AC +1)
You have tough skin. (AC +1)
You cannot be stealthy.
You are hated by all.
You cannot train Armour skill.
Your casting is slightly disrupted.
You are somewhat unskilled. (-1 Apt)
You are weak. (Str -2)


Message History

You block the +0 trident of protection's attack.
The ghostly deep elf death mage is stunned by your conviction and fails to attack.
You block the +0 trident of protection's attack.
Unknown command.
You claw the ghostly deep elf death mage!
The ghostly deep elf death mage is almost destroyed.
The deep elf zephyrmancer casts a spell.
The deep elf zephyrmancer blinks!
You block the +0 trident of protection's attack.
The ghostly deep elf death mage draws life force from you!!
* * * LOW HITPOINT WARNING * * *
The ghostly deep elf death mage is healed by the life force!
You scratch the ghostly deep elf death mage.
The ghostly deep elf death mage is severely damaged.
You block the +0 trident of protection's attack.
The deep elf pyromancer mumbles some strange words.
The deep elf pyromancer blinks!
The deep elf zephyrmancer begins to cast a spell, but is stunned by your conviction!
The ghostly deep elf death mage is stunned by your conviction and fails to attack.
You mangle the ghostly deep elf death mage!!
You destroy the ghostly deep elf death mage!
You block the +0 trident of protection's attack.
The deep elf zephyrmancer points at you and mumbles some strange words.
The bolt of lightning hits the fire elemental!
The fire elemental resists.
The bolt of lightning misses you.
The +0 trident of protection hits you from afar.
* * * LOW HITPOINT WARNING * * *
You hear a shout! x3
You barely miss the fire elemental.
The fire elemental is moderately damaged.
The fire elemental disappears in a puff of smoke!
The fire elemental hits you. The fire elemental burns you! You resist.
* * * LOW HITPOINT WARNING * * *
You block the +0 trident of protection's attack.
Unknown command.
You mangle the fire elemental!!
You destroy the fire elemental!
The fire elemental disappears in a puff of smoke!
The +0 trident of protection hits you from afar!
You die...

#.......#
##.......##
.........
#.......#
#.......#
+...ee#
#☼○e(.# #§#
#@# ###'###
#.....#
##.....##
#.....?.#
##..<....##
#...).....#
##.......##
#.......#


You could see a deep elf archer (repels missiles), a deep elf pyromancer, a deep
elf zephyrmancer and a +0 trident of protection.

Vanquished Creatures
  Mara (Spider:4)
  Bai Suzhen (Spider:4)
  the Lernaean hydra (Swamp:4)
  Nikola (Spider:3)
  Arachne (Spider:1)
  A tentacled monstrosity (Vaults:1)
  Jorgrun (D:12)
  A walking crystal tome (WizLab)
  3 thorn hunters
  Kirke (D:14)
  Agnes (Spider:3)
  3 fenstrider witches
  Roxanne (Spider:4)
  4 emperor scorpions
  2 frost giants (IceCv)
  3 vault wardens (Vaults:1)
  A deep elf sorcerer (Elf:2)
  6 ghost moths
  An orc warlord (Vaults:1)
  4 ironbound preservers (Vaults:1)
  A very ugly thing (Spider:3)
  A broodmother (Spider:3)
  2 ironbound thunderhulks (Vaults:1)
  5 eleionomae
  Azrael (Elf:2)
  2 spark wasps
  A white draconian (IceCv)
  5 dire elephants
  A minotaur (Gauntlet)
  4 bunyips
  A deep elf death mage (Elf:2)
  Snorg (D:10)
  A fire dragon (D:11)
  A shambling mangrove (Swamp:1)
  An ettin (Orc:2)
  3 entropy weavers
  4 yaktaur captains (Vaults:1)
  3 great orbs of eyes (Vaults:1)
  10 rakshasas (WizLab)
  3 vault guards (Vaults:1)
  24 hydras
  5 ice dragons (IceCv)
  An ogre mage (Vaults:1)
  4 radroaches
  A demonspawn (Orc:2)
  A ghost crab (Swamp:3)
  9 ironbound frosthearts
  5 two-headed ogres
  5 centaur warriors
  5 boulder beetles
  21 dancing weapons
  A jorogumo (Spider:4)
  10 alligators
  6 demonic crawlers
  A tengu warrior (D:14)
  7 orc high priests
  8 death yaks
  2 spriggan berserkers (Swamp:3)
  A soul eater (Orc:2)
  7 deep elf knights
  A sun demon (D:14)
  3 skysharks
  3 sixfirhies
  2 pharaoh ants (Spider:1)
  2 sun moths
  3 skeletal warriors
  10 swamp dragons
  4 goliath frogs
  11 deep trolls (Vaults:1)
  8 deep elf archers
  5 orb spiders
  3 spriggan druids
  Pikel (D:4)
  An orange crystal statue (IceCv)
  A wizard (Lair:5)
  13 bog bodies
  6 steelbarb worms
  5 ironbound convokers (Vaults:1)
  20 deep elf zephyrmancers
  22 deep elf pyromancers
  7 orc sorcerers
  4 oklob plants
  8 orc knights
  9 wolf spiders
  2 manticores
  7 cyclopes
  23 ugly things
  6 moths of wrath
  A salamander (D:15)
  10 elephants
  3 will-o-the-wisps
  9 vault sentinels (Vaults:1)
  A rust devil (Orc:2)
  9 black mambas
  5 orange demons
  3 smoke demons
  4 torpor snails
  Jeremiah (D:9)
  8 komodo dragons
  8 cane toads
  8 yaktaurs (Vaults:1)
  An efreet (D:15)
  A kobold demonologist (D:12)
  15 rime drakes
  2 unseen horrors (D:12)
  An ice devil (D:14)
  2 freezing wraiths
  An unseen horror zombie (D:7)
  6 trolls
  12 meliai
  A hellwing (D:14)
  4 red devils
  A queen bee (Spider:4)
  6 tyrant leeches
  A bloated husk (Swamp:2)
  11 polar bears
  22 hornets
  19 tarantellas
  15 blink frogs
  12 dream sheep
  25 jumping spiders
  8 slime creatures
  11 flying skulls (Gauntlet)
  2 air elementals
  12 spriggans
  2 hogs (D:14)
  7 wyverns
  5 wraiths
  17 culicivoras
  3 fire elementals
  3 basilisks
  5 water elementals
  35 yaks
  3 humans (D:14)
  62 redbacks
  Grum (Lair:1)
  24 vampire mosquitoes
  2 steam dragons
  6 swamp worms
  2 acid dragons (Gauntlet)
  Duvessa (D:6)
  7 hell hounds
  29 water moccasins
  3 ice beasts
  37 orc warriors
  2 sky beasts
  8 swamp drakes
  A hornet zombie (D:7)
  3 black bears
  8 wolves (Lair:1)
  A tengu (shapeshifter) (D:14)
  9 ogres
  7 boggarts
  5 centaurs
  3 lemures (D:4)
  5 kobold brigands
  13 bullfrogs
  An earth elemental (Elf:1)
  A gnoll sergeant (D:10)
  8 scorpions
  A necrophage (D:7)
  A wyvern zombie (D:7)
  10 wights
  19 killer bees
  Dowan (D:6)
  3 electric eels
  7 howler monkeys
  A bullfrog zombie (D:7)
  2 centaur zombies (D:7)
  2 hounds
  A human zombie (D:7)
  19 orc priests
  A gnoll bouda (Orc:1)
  2 sleepcaps
  Crazy Yiuf (D:2)
  8 jellies
  5 iguanas
  Ijyb (D:3)
  19 orc wizards
  Natasha (thrice) (D:4)
  A hell rat (Lair:1)
  A killer bee zombie (D:7)
  A mummy (D:7)
  8 gnolls
  7 adders
  9 river rats (Lair:1)
  3 white imps
  2 worms
  3 dart slugs
  100 orcs
  5 ball pythons
  7 bats
  7 endoplasms
  3 giant cockroaches
  12 goblins
  5 hobgoblins
  4 jackals
  A quokka (D:3)
  7 frilled lizards
  14 kobolds
  A rat (Lair:1)
1301 creatures vanquished.

Vanquished Creatures (others)
  A strange machine (WizLab)
  An eleionoma (Swamp:3)
  An entropy weaver (Vaults:1)
  2 hydras
  An alligator (Swamp:3)
  2 death yaks (Lair:3)
  A spriggan berserker (Swamp:3)
  A goliath frog (Swamp:4)
  A swamp dragon (Swamp:3)
  3 deep elf pyromancers
  An ugly thing (D:15)
  2 wolf spiders
  A torpor snail (Spider:4)
  A komodo dragon (Lair:5)
  A bloated husk (Swamp:1)
  A tarantella (Spider:4)
  A vampire (D:12)
  A yak (D:9)
  2 redbacks
  A boggart (D:14)
  A killer bee (Spider:4)
  An orc wizard (D:12)
  A hell rat (Lair:1)
  2 orcs (Orc:2)
  22 foxfires
53 creatures vanquished.

Grand Total: 1354 creatures vanquished

Notes
Turn   | Place    | Note
-------+----------+-------------------------------------------
     0 | D:1      | Markself the Troll Fighter began the quest for the Orb.
     0 | D:1      | Reached XP level 1. HP: 22/22 MP: 0/0
    19 | D:1      | Found a faded altar of an unknown god.
   207 | D:1      | Reached XP level 2. HP: 29/29 MP: 1/1
   789 | D:2      | Reached XP level 3. HP: 36/36 MP: 2/2
  1541 | D:2      | Found a runed translucent door.
  1542 | D:2      | Noticed Crazy Yiuf
  1595 | D:3      | Reached XP level 4. HP: 44/44 MP: 3/3
  1774 | D:3      | Noticed Ijyb
  1817 | D:3      | Killed Ijyb
  2206 | D:4      | Reached XP level 5. HP: 53/53 MP: 4/4
  2263 | D:4      | Noticed Natasha
  2271 | D:4      | Killed Natasha
  2287 | D:4      | Noticed Natasha
  2294 | D:4      | Killed Natasha
  2313 | D:4      | Found a glowing silver altar of Zin.
  2323 | D:4      | Noticed Natasha
  2328 | D:4      | Killed Natasha
  2469 | D:4      | Reached XP level 6. HP: 49/61 MP: 5/5
  2491 | D:4      | Found a staircase to the Ecumenical Temple.
  2514 | Temple   | Entered the Ecumenical Temple
  2530 | Temple   | Became a worshipper of Ru the Awakened
  2781 | D:4      | Noticed Pikel
  2789 | D:4      | Killed Pikel
  2790 | D:4      | Reached skill level 5 in Shields
  2790 | D:4      | Reached skill level 5 in Unarmed Combat
  2790 | D:4      | Reached XP level 7. HP: 46/70 MP: 6/6
  2834 | D:4      | Found a blossoming altar of Fedhas.
  2848 | D:4      | Found a basalt altar of Yredelemnul.
  2848 | D:4      | Found a glowing golden altar of the Shining One.
  2850 | D:4      | Found a snail-covered altar of Cheibriados.
  2850 | D:4      | Found a radiant altar of Vehumet.
  2851 | D:4      | Found a bloodstained altar of Trog.
  2938 | D:5      | Entered Level 5 of the Dungeon
  2972 | D:5      | Reached XP level 8. HP: 78/78 MP: 7/7
  3826 | D:6      | Gained mutation: You are hated by all. [Ru sacrifice]
  3826 | D:6      | Reached * piety under Ru
  3826 | D:6      | Reached ** piety under Ru
  4207 | D:6      | Reached XP level 9. HP: 46/87 MP: 8/8
  4330 | D:6      | Noticed Duvessa
  4331 | D:6      | Noticed Dowan
  4367 | D:6      | Killed Duvessa
  4368 | D:6      | Reached skill level 5 in Fighting
  4370 | D:6      | Killed Dowan
  4736 | D:6      | Learned a level 2 spell: Blink
  4944 | D:7      | Found a broken altar of Ashenzari.
  5262 | D:7      | Found an ancient bone altar of Kikubaaqudgha.
  5306 | D:7      | Found a shadowy altar of Dithmenos.
  5627 | D:7      | You fall into a shaft and drop 1 floor!
  5821 | D:7      | Reached XP level 10. HP: 98/98 MP: 9/9
  5972 | D:2      | Killed Crazy Yiuf
  6389 | D:8      | Noticed a two-headed ogre
  6470 | D:7      | Killed a two-headed ogre
  6535 | D:7      | Reached skill level 10 in Unarmed Combat
  6774 | D:8      | Gained mutation: You are somewhat unskilled. (-1 Apt) [Ru
                  | sacrifice]
  6774 | D:8      | Reduced skill Fighting to level 5
  6774 | D:8      | Reached *** piety under Ru
  6886 | D:8      | Found Duasi's Desiderata Depot.
  6946 | D:8      | Bought a wand of digging (3) for 163 gold pieces
  7623 | D:9      | Noticed Jeremiah
  7710 | D:9      | Killed Jeremiah
  7711 | D:9      | Reached XP level 11. HP: 94/101 MP: 10/10
  7738 | D:9      | Reached skill level 10 in Unarmed Combat
  7967 | D:10     | Entered Level 10 of the Dungeon
  7967 | D:10     | Found Veumm's Book Boutique.
  8132 | D:10     | Found Geblaett's Book Boutique.
  8135 | D:10     | Found Fithoun's Jewellery Boutique.
  8214 | D:10     | Found Tettair's Antique Weapon Emporium.
  8247 | D:10     | Noticed Snorg
  8266 | D:10     | Killed Snorg
  8267 | D:10     | Reached skill level 1 in Throwing
  8319 | D:10     | Noticed a walking frostbound tome
  8320 | D:10     | Found Zuwe's Book Shoppe.
  8320 | D:10     | Noticed a walking divine tome
  8401 | D:10     | Noticed a two-headed ogre
  8402 | D:10     | Noticed a two-headed ogre
  8419 | D:10     | Killed a two-headed ogre
  8551 | D:9      | Killed a two-headed ogre
  8814 | D:10     | Found Geblaett's Book Boutique.
  8817 | D:10     | Found Fithoun's Jewellery Boutique.
  8882 | D:10     | Found Tettair's Antique Weapon Emporium.
  8920 | D:10     | Found Zuwe's Book Shoppe.
  8970 | D:10     | Found Veumm's Book Boutique.
  9121 | D:11     | Noticed a two-headed ogre
  9190 | D:10     | Killed a two-headed ogre
  9228 | D:11     | Gained mutation: You cannot train Armour skill. [Ru
                  | sacrifice]
  9228 | D:11     | Reached **** piety under Ru
  9243 | D:11     | Noticed a fire dragon
  9257 | D:11     | Killed a fire dragon
  9343 | D:11     | Reached skill level 10 in Shields
  9664 | D:11     | Found a staircase to the Lair.
  9665 | D:11     | Noticed an oklob plant
  9702 | D:11     | Noticed a two-headed ogre
  9714 | D:11     | Killed a two-headed ogre
  9753 | D:11     | Noticed an oklob plant
  9988 | D:11     | Killed an oklob plant
  9989 | D:11     | Reached XP level 12. HP: 100/118 MP: 11/11
 10214 | D:12     | Found a gate leading to a gauntlet.
 10426 | D:12     | Noticed Jorgrun
 10441 | D:12     | Killed Jorgrun
 10549 | Gauntlet | Entered a Gauntlet
 10549 | Gauntlet | Found a transporter.
 10556 | Gauntlet | Found a transporter.
 10558 | Gauntlet | Found a transporter.
 10568 | Gauntlet | Found a transporter.
 10571 | Gauntlet | Found a transporter.
 10580 | Gauntlet | Found a transporter.
 10584 | Gauntlet | Noticed a reaper
 10592 | Gauntlet | Found a runed translucent door.
 10596 | Gauntlet | Found a transporter.
 10606 | Gauntlet | Found a transporter.
 10617 | Gauntlet | Found a transporter.
 10631 | Gauntlet | Found a transporter.
 10645 | Gauntlet | Found a transporter.
 10656 | Gauntlet | Found a transporter.
 10657 | Gauntlet | Found a transporter.
 10730 | Gauntlet | Found a transporter.
 10976 | Gauntlet | Reached skill level 1 in Shapeshifting
 11048 | Gauntlet | Identified the ring of the Catamount {rElec MP+9 Int+5}
 11124 | Gauntlet | Identified the +1 battleaxe of Tenter {distort, rC+ Will+}
 11124 | Gauntlet | Identified the ring of Rationality {rN+ Dex+3 Stlth+}
 11124 | Gauntlet | Noticed a minotaur
 11148 | Gauntlet | Killed a minotaur
 11149 | Gauntlet | Reached skill level 2 in Shapeshifting
 11167 | Gauntlet | Identified the +0 scale mail "Ompeu" {Int-5 Dex+5}
 11170 | Gauntlet | Got the Elucidation of Charms
 11353 | D:12     | Found a staircase to the Orcish Mines.
 11533 | D:12     | Reached skill level 3 in Shapeshifting
 12220 | Lair:1   | Entered Level 1 of the Lair of Beasts
 12239 | Lair:1   | Reached skill level 4 in Shapeshifting
 12273 | Lair:1   | Reached XP level 13. HP: 98/128 MP: 12/12
 12397 | Lair:1   | Noticed Grum
 12425 | Lair:1   | Killed Grum
 13269 | Lair:2   | Reached skill level 5 in Shapeshifting
 13439 | Lair:2   | Found a staircase to the Swamp.
 13439 | Lair:2   | Noticed an eleionoma
 13491 | Lair:2   | Killed an eleionoma
 14176 | Lair:2   | Reached skill level 6 in Shapeshifting
 14780 | Lair:3   | Found a hole to the Spider Nest.
 15263 | Lair:3   | Reached skill level 7 in Shapeshifting
 15455 | Lair:4   | HP: 4/110 [blink frog (7)]
 16265 | Lair:3   | Reached XP level 14. HP: 140/140 MP: 13/13
 16278 | Lair:3   | Reached skill level 8 in Shapeshifting
 16763 | Lair:3   | Reached skill level 9 in Shapeshifting
 17227 | Lair:5   | Entered Level 5 of the Lair of Beasts
 17737 | Lair:5   | Reached skill level 10 in Shapeshifting
 18237 | Lair:5   | Found a staircase to the Slime Pits.
 18347 | Lair:5   | HP: 7/140 [skyshark (17)]
 18347 | Lair:5   | HP: 1/140 [black mamba (6)]
 18534 | Lair:5   | Reached skill level 11 in Shapeshifting
 19259 | Lair:5   | Found a burning altar of Makhleb.
 19463 | Lair:5   | Reached skill level 12 in Shapeshifting
 19550 | Lair:5   | Found a gateway to Hell.
 20391 | D:14     | Reached XP level 15. HP: 112/146 MP: 14/14
 20580 | D:13     | Found Giegayz's Jewellery Shoppe.
 21126 | D:15     | Entered Level 15 of the Dungeon
 21188 | D:14     | Reached skill level 13 in Shapeshifting
 21232 | D:14     | Noticed Kirke
 21250 | D:14     | Killed Kirke
 21393 | D:14     | Found a gate to the Vaults.
 22133 | D:15     | Found a sparkling altar of Nemelex Xobeh.
 23117 | D:15     | Found a staircase to the Depths.
 23261 | Orc:1    | Entered Level 1 of the Orcish Mines
 23678 | Orc:2    | Entered Level 2 of the Orcish Mines
 23721 | Orc:2    | Reached skill level 14 in Shapeshifting
 23829 | Orc:2    | Found a staircase to the Elven Halls.
 23837 | Orc:2    | Found Atiexaga's General Store.
 23873 | Orc:2    | Bought a scroll of teleportation for 45 gold pieces
 23873 | Orc:2    | Bought a potion of enlightenment for 75 gold pieces
 23998 | Orc:2    | Found Lufeall's General Store.
 24058 | Orc:2    | Found Toquas's Magic Scroll Boutique.
 24117 | Orc:2    | Bought a scroll of blinking for 97 gold pieces
 24217 | Orc:2    | Gained mutation: You are weak. (Str -2) [a neqoxec]
 24350 | Orc:2    | Reached skill level 5 in Throwing
 24564 | Orc:2    | Found Fogawiwi's Jewellery Shoppe.
 24564 | Orc:2    | Found Alirur's Antique Weapon Emporium.
 24565 | Orc:2    | Found a one-way gate leading to the halls of Pandemonium.
 24989 | Orc:2    | Bought a wand of digging (2) for 109 gold pieces
 25121 | D:8      | Bought a manual of Dodging for 1040 gold pieces
 25329 | Spider:1 | Entered Level 1 of the Spider Nest
 25786 | Spider:1 | Reached XP level 16. HP: 156/156 MP: 15/15
 26258 | Spider:2 | Noticed Arachne
 26280 | Spider:1 | Reached skill level 15 in Shapeshifting
 26342 | Spider:1 | Killed Arachne
 27310 | Spider:3 | Found a frozen archway.
 27376 | IceCv    | Entered an ice cave
 28457 | Spider:3 | Reached XP level 17. HP: 162/162 MP: 16/16
 28468 | Spider:3 | Reached skill level 16 in Shapeshifting
 28525 | Spider:3 | Gained mutation: You cannot be stealthy. [Ru sacrifice]
 28525 | Spider:3 | Reached ***** piety under Ru
 28956 | Spider:4 | Entered Level 4 of the Spider Nest
 28956 | Spider:4 | Found the +8 demon trident "Rift" {distort, reach+}
 29057 | Spider:4 | Identified 2 scrolls of acquirement
 29057 | Spider:4 | Acquired the +3 tower shield of Ru's Supremacy {Dex+3}
 29396 | Spider:4 | Noticed Bai Suzhen
 29420 | Spider:4 | Killed Bai Suzhen
 29527 | Spider:4 | Noticed Roxanne
 29538 | Spider:4 | Killed Roxanne
 29602 | Spider:4 | Noticed Agnes
 29603 | Spider:4 | Noticed Nikola
 29779 | Spider:3 | Killed Agnes
 30343 | Spider:3 | Killed Nikola
 30959 | Spider:4 | Acquired 1208 gold pieces
 30974 | Spider:4 | Acquired a manual of Evocations
 31001 | Spider:4 | Noticed Mara
 31165 | Spider:4 | Noticed Markself's illusion
 31241 | Spider:4 | Noticed Markself's illusion
 31268 | Spider:4 | Noticed Markself's illusion
 31270 | Spider:4 | Killed Mara
 31492 | Spider:4 | Got a gossamer rune of Zot
 31747 | Swamp:1  | Entered Level 1 of the Swamp
 32353 | Swamp:2  | Reached skill level 1 in Evocations
 32456 | Swamp:2  | Reached XP level 18. HP: 98/174 MP: 17/17
 32459 | Swamp:2  | Gained mutation: Your casting is slightly disrupted. [Ru
                  | sacrifice]
 32853 | Swamp:3  | Reached skill level 15 in Unarmed Combat
 34057 | Swamp:4  | Entered Level 4 of the Swamp
 34194 | Swamp:3  | Reached skill level 5 in Dodging
 34580 | Swamp:3  | Reached skill level 10 in Fighting
 35116 | Swamp:4  | Got Gagu Ecw's Spellbook of Incineration
 35133 | Swamp:4  | Noticed the 27-headed Lernaean hydra
 35140 | Swamp:4  | Killed the 27-headed Lernaean hydra
 35238 | Swamp:4  | Got a decaying rune of Zot
 35495 | Vaults:1 | Entered Level 1 of the Vaults
 35572 | Vaults:1 | Paralysed by a great orb of eyes for 5 turns
 36021 | Vaults:1 | Reached XP level 19. HP: 146/178 MP: 18/18
 37519 | Orc:2    | Bought an amulet of reflection for 510 gold pieces
 37579 | Elf:1    | Entered Level 1 of the Elven Halls
 37890 | Elf:1    | Reached skill level 5 in Evocations
 38090 | Elf:1    | Found a magical portal.
 38103 | WizLab   | Entered Tukima's Studio
 38256 | WizLab   | Got Jiavecw's Precepts of Obstruction
 38261 | WizLab   | Noticed Markself's illusion
 38340 | WizLab   | Noticed Markself's illusion
 38343 | WizLab   | Reached skill level 17 in Shapeshifting
 38347 | WizLab   | Got Xuasif's Compilation of Curses
 38372 | WizLab   | Identified the +5 hand cannon of the Grave {speed, rN+
                  | Int+5 SInv}
 39059 | Elf:2    | Paralysed by an air elemental for 1 turns
 39282 | Elf:2    | Noticed Azrael
 39313 | Elf:2    | Killed Azrael
 39333 | Elf:2    | Reached skill level 15 in Shields
 39530 | Elf:2    | Found a runed translucent gate.
 39531 | Elf:2    | Found a runed translucent gate.
 39531 | Elf:2    | Found a runed translucent gate.
 39796 | Elf:2    | Slain by a +0 trident of protection

Illustrated notes

Levels and vault maps discovered:
D:1:      dpeg_arrival_ternary, layout_basic, chequers_ecumenical_altar_island,
          st_stairs_13, minmay_misc_feat_room
D:2:      minmay_angry_zag, layout_basic, uniq_crazy_yiuf_cottage
D:3:      layout_basic, nicolae_kite_square_tiling_tiny, uniq_ijyb
D:4:      layout_loops_cross, grunt_temple_overflow_open, temple_green,
          serial_bayou_pond_a, uniq_natasha, uniq_pikel
D:5:      layout_gridville
D:6:      layout_loops_ring, uniq_duvessa
D:7:      layout_gridville, lemuel_mausoleum_altar_kikubaaqudgha,
          cheibrodos_ashenzari_chains, mainiacjoe_overflow_paths
D:8:      layout_basic, serial_curves, eino_curves_04, eino_curves_01,
          nicolae_alphabet_shops
D:9:      layout_basic, uniq_jeremiah
D:10:     layout_small_grid, serial_shops, nicolae_shop_gibbet_a_chance,
          nicolae_shop_mannequins, shop, nicolae_shop_trees, shop, uniq_snorg
D:11:     layout_irregular_city, dpeg_oklobed_lair
D:12:     layout_roguey [special_room_orc], hiddenorc2_lemuel,
          gauntlet_entry_generic, uniq_jorgrun
D:13:     layout_cave_pools, serial_shops, shop
D:14:     layout_basic, david_vaults_1, hangedman_abyss_or_decor_clamps,
          serial_demonic, serial_demonic_d, serial_demonic_b, serial_demonic_f,
          serial_demonic_g, uniq_kirke
D:15:     hangedman_depths_entry_try_elsewhere_first, layout_loops_corners,
          nemelex_diamond_rough_becter, dreamdust_deal_with_the_devil
Temple:   hc_temple_tempest_star
Lair:1:   layout_chaotic_city, kennysheep_rathole, grunt_megastairs_2, uniq_grum
Lair:2:   layout_gridlike, alex1729_swamp_entry_worm_eleionoma,
          patterned_corridor
Lair:3:   layout_long_grid, nicolae_spider_entry_non_spiders, tgw_fedhas
Lair:4:   layout_regular_city, minivault_23, wad_woods_road_05
Lair:5:   evil_forest, layout_layer_cave, nicolae_slime_entry_field_trip,
          amcnicky_mini_pool_medium, infiniplex_staircase_pool
Swamp:1:  layout_basic_swamp, evilmike_swamp_ruin_house_1
Swamp:2:  layout_basic_swamp, evilmike_swamp_ruin_rubble_2
Swamp:3:  layout_falls_marsh, serial_swamp_ruin, hangedman_swamp_ruin_wall,
          evilmike_swamp_ruin_house_6
Swamp:4:  grunt_swamp_rune_castle, layout_basic_swamp, swamp_pool1
Spider:1: layout_spider_delve
Spider:2: layout_spider_delve, nicolae_spider_moth_buddies,
          hangedman_spider_tarantella_strand, uniq_arachne
Spider:3: layout_spider_delve, portal_ice_cave_entry_ugly_swarm,
          spiders_nest_hornet_nest
Spider:4: grunt_spider_rune_parallel, special_room [special_room_bee],
          uniq_agnes, uniq_nikola, uniq_roxanne, uniq_bai_suzhen, uniq_mara
Orc:1:    layout_caves
Orc:2:    pf_orc_diabolical, layout_caves, serial_shops, shop
Elf:1:    elf_arrival_002, layout_gridlike, mu_enter_wizlab_6,
          hangedman_corner_corridor
Elf:2:    nicolae_elf_blades_crystal_corner, layout_geoelf_octagon,
          lemuel_elevator, uniq_azrael
Vaults:1: vaults_mumra_chevron_long, grunt_vaults_diagonal,
          vaults_standard_mumra_x, nicolae_vaults_diamond_2,
          ontoclasm_vaults_shout, nicolae_vaults_turnstiles,
          nicolae_vaults_trapezoid_1, nicolae_vaults_trapezoid_3,
          nicolae_vaults_layer_cake_slice, grunt_vaults_twisty, v_misc_8,
          layout_vaults_chaotic_city

Skill      XL: |  1  2  3  4  5  6  7  8  9 10 11 12 13 14 15 16 17 18 19 |
---------------+----------------------------------------------------------+-----
Shields        | 3 4 5 6 7 8 9 10 11 12 13 14 15 | 15.0
Unarmed Combat | 3 4 5 6 7 9 9 11 12 13 14 15 16 | 16.5
Fighting       | 3 4 5 6 7 8 9 10 | 10.8
Dodging        | 3 4 3 4 6 7 |  7.7
Throwing       | 2 3 5 7 8 9 |  9.6
Shapeshifting  | 4 7 12 14 15 16 17 | 17.0
Evocations     | 1 4 5 |  5.8

Action                     |  1- 3 |  4- 6 |  7- 9 | 10-12 | 13-15 | 16-18 | 19-21 || total
---------------------------+-------+-------+-------+-------+-------+-------+-------++-------
  Melee: Unarmed           |   122 |   145 |   236 |   786 |  1382 |  1157 |   500 ||  4328
  Throw: Dart              |       |       |     2 |     7 |    14 |    31 |       ||    54
         Javelin           |       |       |       |       |    69 |    21 |       ||    90
         Boomerang         |       |       |       |       |    16 |    17 |       ||    33
         Large rock        |       |       |       |       |     6 |    30 |       ||    36
 Invoke: Sacrifice Love    |       |       |     1 |       |       |       |       ||     1
         Sacrifice Skill   |       |       |       |     1 |       |       |       ||     1
         Sacrifice Durabil |       |       |       |     1 |       |       |       ||     1
         Reject Sacrifices |       |       |       |     1 |     2 |     3 |       ||     6
         Power Leap        |       |       |       |       |       |     2 |       ||     2
         Sacrifice Stealth |       |       |       |       |       |     1 |       ||     1
         Apocalypse        |       |       |       |       |       |     4 |     2 ||     6
         Sacrifice Essence |       |       |       |       |       |     1 |       ||     1
Ability: Begin Untransform |       |       |       |       |     1 |       |       ||     1
  Evoke: Wand              |       |       |       |       |       |     3 |     4 ||     7
    Use: Scroll            |     1 |     4 |     7 |     6 |    12 |    14 |     2 ||    46
         Potion            |       |       |       |     5 |     3 |     2 |     1 ||    11
   Stab: Sleeping          |       |       |     3 |     1 |    13 |       |       ||    17
         Distracted        |       |       |     1 |     2 |     9 |     8 |       ||    20
         Invisible         |       |       |     1 |     1 |     9 |     7 |     3 ||    21
         Paralysed         |       |       |       |       |     2 |     7 |     4 ||    13
         Confused          |       |       |       |       |       |     1 |       ||     1
 Armour: Robe              |    52 |    69 |   116 |   298 |   759 |       |   109 ||  1403
         Skin              |       |       |       |    24 |   359 |  2093 |   149 ||  2625
  Dodge: Dodged            |    33 |    32 |    68 |   132 |   483 |   801 |   101 ||  1650
         Repelled          |       |       |       |       |       |     9 |     6 ||    15
  Block: Kite shield       |    38 |    54 |   110 |   362 |   898 |   475 |       ||  1937
         Tower shield      |       |       |       |       |       |  1161 |   477 ||  1638
         Reflection        |       |       |       |       |       |       |    40 ||    40
   Form: Anaconda          |       |       |       |       |     2 |       |       ||     2
         Statue            |       |       |       |       |     2 |     1 |     1 ||     4
                           |       |       |       |       |     1 |     1 |     2 ||     4

Table legend: (Time is in decaauts)
 A = Elapsed time spent in this place.
 B = Non-inter-level travel time spent in this place.
 C = Inter-level travel time spent in this place.
 D = Time resting spent in this place.
 E = Time spent auto-exploring this place.
 F = Levels seen in this place.
 G = Mean time per level.
                   A        B        C        D        E       F      G
               +--------+--------+--------+--------+--------+-----+--------+
         Total |  46378 |  42131 |   4247 |   6959 |  21208 |  37 | 1253.5 |
       Dungeon |  15671 |  13605 |   2066 |   1225 |   7925 |  15 | 1044.7 |
        Temple |     32 |      2 |     30 |      0 |      0 |   1 |   32.0 |
          Lair |   8237 |   7345 |    892 |   1831 |   3073 |   5 | 1647.4 |
         Swamp |   5472 |   5192 |    280 |   1038 |   2628 |   4 | 1368.0 |
   Spider Nest |   7635 |   7217 |    418 |   1250 |   3735 |   4 | 1908.8 |
  Orcish Mines |   2637 |   2273 |    364 |    394 |   1085 |   2 | 1318.5 |
   Elven Halls |   1771 |   1679 |     92 |    176 |    740 |   2 |  885.5 |
        Vaults |   2278 |   2175 |    103 |    346 |   1392 |   1 | 2278.0 |
      Ice Cave |   1495 |   1495 |      0 |    514 |    379 |   1 | 1495.0 |
        Wizlab |    477 |    477 |      0 |     93 |     45 |   1 |  477.0 |
      Gauntlet |    667 |    667 |      0 |     90 |    204 |   1 |  667.0 |
               +--------+--------+--------+--------+--------+-----+--------+

Top non-repeatable levels by time:
Spider:3: 3183 daAuts
 Swamp:3: 2741 daAuts
  Lair:5: 2353 daAuts
Vaults:1: 2278 daAuts
  Lair:3: 2045 daAuts
   Orc:2: 2005 daAuts
Spider:4: 1983 daAuts
    D:12: 1498 daAuts
   IceCv: 1495 daAuts
  Lair:2: 1471 daAuts
    D:15: 1469 daAuts
    D:11: 1435 daAuts
Spider:1: 1351 daAuts
     D:7: 1300 daAuts
  Lair:1: 1200 daAuts
